 Dungeon Crawl Stone Soup version 0.30-a0-310-g7d6cbdfea6 (webtiles) character file.

Game seed: 11042833769865700092

574 NinjaNoafa the Sneak (level 7, -9/50 HPs)
             Began as a Demonspawn Gladiator on Oct 24, 2022.
             Mangled by Duvessa
             ... wielding a +0 rapier
              (14 damage)
             ... on level 4 of the Dungeon.
             The game lasted 00:06:44 (3906 turns).

NinjaNoafa the Sneak (Demonspawn Gladiator)         Turns: 3906, Time: 00:06:44

Health: -9/50      AC:  4    Str: 15    XL:     7   Next: 12%
Magic:  7/7        EV: 12    Int:  9    God:
Gold:   177        SH:  0    Dex: 16    Spells: 6/6 levels left

rFire   + . .      SeeInvis .    a - +0 rapier
rCold   . . .      Faith    .    (no shield)
rNeg    . . .      Spirit   .    b - +0 leather armour
rPois   .          Reflect  .    q - +0 helmet
rElec   .          Harm     .    (no cloak)
rCorr   .          Rampage  .    (no gloves)
Will    .....                    (no boots)
Stlth   +++.......               (no amulet)
HPRegen 0.28/turn                (no ring)
MPRegen 0.10/turn                (no ring)

@: no status effects
A: claws 2, demonic magic 1, fire resistance 1, passive freeze, evolution 1
a: no special abilities


You were on level 4 of the Dungeon.
You visited 1 branch of the dungeon, and saw 4 of its levels.

You collected 177 gold pieces.

Inventory:

Hand Weapons
 a - a +0 rapier (weapon)
Missiles
 d - 3 throwing nets
 i - 27 stones
 w - 2 poisoned darts (quivered)
Armour
 b - a +0 leather armour (worn)
 q - a +0 helmet (worn)
Wands
 r - a wand of mindburst (7)
Scrolls
 c - 2 scrolls of magic mapping {unknown}
 g - 3 scrolls of identify {unknown}
 l - 2 scrolls of immolation {unknown}
 n - a scroll of teleportation {unknown}
 o - a scroll of poison {unknown}
 s - a scroll of enchant armour {unknown}
 u - a scroll of torment {unknown}
 v - a scroll of fog {unknown}
 x - 2 scrolls of amnesia {unknown}
 y - a scroll of fear {unknown}
Potions
 f - a potion of lignification
 k - a potion of heal wounds


   Skills:
 - Level 2.0 Fighting
 - Level 5.0 Short Blades
 - Level 1.7 Throwing
 + Level 2.3 Armour
 - Level 3.0 Dodging
 - Level 5.0 Stealth


You had 6 spell levels left.
You didn't know any spells.
Your spell library contained the following spells:

 Spells                   Type           Power      Damage    Failure   Level
 Summon Small Mammal      Summ           0%         N/A       45%         1
 Scorch                   Fire           0%         2d5       58%         2
 Call Canine Familiar     Summ           0%         N/A       83%         3
 Summon Guardian Golem    Hex/Summ       0%         N/A       83%         3
 Airstrike                Air            0%         2d(0-16)  99%         4
 Flame Wave               Conj/Fire      0%         2d4       99%         4
 Summon Lightning Spire   Summ/Air       0%         N/A       99%         4
 Lightning Bolt           Conj/Air       0%         1d11      100%        5
 Summon Cactus Giant      Summ           0%         N/A       100%        6


Dungeon Overview and Level Annotations

Branches:
Dungeon (4/15)
 Temple: D:4-7

Altars:
Fedhas
Okawaru
Ru
Trog

Annotations:
D:4 Duvessa


Innate Abilities, Weirdness & Mutations

You have very sharp fingernails.
Spells you cast may paralyse adjacent enemies.
Your flesh is heat resistant. (rF+)
A frigid envelope surrounds you and freezes all who hurt you.
You have hidden genetic potential.


Message History

Dowan is heavily wounded.
Dowan hits you but does no damage.
Dowan is very cold.
Dowan is severely wounded.
You puncture Dowan!
Dowan is almost dead.
Dowan hits you with a +0 dagger.
Dowan is very cold.
You kill Dowan!
Duvessa screams in rage.
Duvessa goes berserk!
Your Armour skill increases to level 2!
You hit Duvessa but do no damage.
Duvessa is lightly wounded.
Duvessa closely misses you.
You hit Duvessa but do no damage.
Duvessa is lightly wounded.
Duvessa barely misses you.
You hit Duvessa but do no damage.
Duvessa is lightly wounded.
Duvessa hits you with a +0 rapier!
Duvessa is very cold.
Duvessa is lightly wounded.
Duvessa barely misses you.
You closely miss Duvessa.
Duvessa is lightly wounded.
Duvessa hits you with a +0 rapier!
Duvessa is very cold.
Duvessa is lightly wounded.
You hit Duvessa.
Duvessa is moderately wounded.
Duvessa hits you with a +0 rapier!
* * * LOW HITPOINT WARNING * * *
Duvessa is very cold.
Duvessa is moderately wounded.
Duvessa closely misses you.
Throw: 3 darts (poison)
Press: ? - help, Q - select action, (/) - cycle Shift-Dir - straight line, f - Duvessa
Aim: Duvessa, wielding a +0 rapier and wearing a +0 leather armour (moderately wounded, berserk, 64% to hit)
You throw a poisoned dart.
The poisoned dart closely misses Duvessa.
The poisoned dart hits the kobold.
The kobold is poisoned.
Duvessa hits you with a +0 rapier!
You die...

.##### #...# ...... ###.# #
~~~...# ####.# ## ≈≈~~~..## ###
#....# ##. ≈≈~≈≈≈..# #.# ###<.#
##.# .~~≈~≈~≈≈≈≈~.###.##'## #..#
#.## .~≈≈≈..≈≈≈~..##.#.≈.# #..#
.≈≈≈≈≈~~≈≈≈~.###.#...####..##
..~~≈≈≈≈≈~~......#...#......####
#..~~≈≈≈≈~.......##'##.#.......##
##...~≈~.....#.###...# ##...##...
.###.....#####.###.#.## ##.###.##
.# ####### #.##.###.# ####.#..


You could see Duvessa (berserk) and a kobold (poisoned).

Vanquished Creatures
  Menkaure (D:4)
  A phantom (D:4)
  Dowan (D:4)
  A howler monkey (D:4)
  2 orc priests (D:4)
  Ijyb (D:4)
  Natasha (thrice) (D:4)
  4 adders
  An ufetubus (D:4)
  3 worms
  5 dart slugs
  4 orcs (D:4)
  5 ball pythons
  6 endoplasms
  3 giant cockroaches
  5 goblins
  7 hobgoblins
  7 jackals
  9 kobolds
  A quokka (D:1)
  5 bats
  4 frilled lizards
  10 rats
89 creatures vanquished.

Vanquished Creatures (others)
  3 plants (D:4)
3 creatures vanquished.

Grand Total: 92 creatures vanquished

Notes
Turn   | Place    | Note
-------+----------+-------------------------------------------
     0 | D:1      | NinjaNoafa the Demonspawn Gladiator began the quest for the
                  | Orb.
     0 | D:1      | Reached XP level 1. HP: 16/16 MP: 1/1
    40 | D:1      | Reached skill level 1 in Stealth
   109 | D:1      | Gained mutation: You have sharp fingernails. [demonic
                  | ancestry]
   109 | D:1      | Reached XP level 2. HP: 22/22 MP: 2/2
   326 | D:1      | Found a faded altar of an unknown god.
   482 | D:1      | Reached XP level 3. HP: 14/27 MP: 3/3
  1005 | D:2      | Identified the +8 battleaxe "Oblowk" {chaos, rPois Int-4
                  | Dex+3}
  1251 | D:2      | Reached XP level 4. HP: 33/33 MP: 4/4
  1388 | D:2      | Found a bloodstained altar of Trog.
  2420 | D:3      | Found a faded altar of an unknown god.
  2424 | D:3      | Found an iron altar of Okawaru.
  2524 | D:4      | Found a sacrificial altar of Ru.
  2525 | D:4      | Noticed Natasha
  2544 | D:4      | Killed Natasha
  2545 | D:4      | Reached XP level 5. HP: 23/38 MP: 5/5
  2677 | D:4      | Reached skill level 5 in Stealth
  2842 | D:4      | Noticed Natasha
  2865 | D:4      | Killed Natasha
  2866 | D:4      | Gained mutation: Spells you cast may paralyse adjacent
                  | enemies. [demonic ancestry]
  2866 | D:4      | Reached XP level 6. HP: 4/44 MP: 6/6
  3060 | D:4      | Noticed Natasha
  3073 | D:4      | Killed Natasha
  3437 | D:4      | Noticed Ijyb
  3443 | D:4      | Paralysed by Ijyb for 4 turns
  3461 | D:4      | Paralysed by Ijyb for 4 turns
  3467 | D:4      | Paralysed by Ijyb for 3 turns
  3474 | D:4      | Killed Ijyb
  3602 | D:4      | Noticed Menkaure
  3623 | D:4      | Killed Menkaure
  3624 | D:4      | Reached skill level 5 in Short Blades
  3624 | D:4      | Reached skill level 1 in Armour
  3624 | D:4      | Gained mutation: You have very sharp fingernails. [demonic
                  | ancestry]
  3624 | D:4      | Reached XP level 7. HP: 8/50 MP: 7/7
  3852 | D:4      | Found a blossoming altar of Fedhas.
  3877 | D:4      | Noticed Duvessa
  3877 | D:4      | Noticed Dowan
  3892 | D:4      | Gained mutation: A frigid envelope surrounds you and
                  | freezes all who hurt you. [potion of mutation]
  3892 | D:4      | Gained mutation: You have hidden genetic potential. [potion
                  | of mutation]
  3892 | D:4      | Gained mutation: Your flesh is heat resistant. (rF+)
                  | [potion of mutation]
  3900 | D:4      | Killed Dowan
  3906 | D:4      | Mangled by Duvessa

Illustrated notes

Levels and vault maps discovered:
D:1:      dpeg_arrival_simpleton_c, layout_basic, basic_ecumenical_altar
D:2:      layout_rooms, basic_altar
D:3:      layout_rooms, nicolae_overflow_ecumenical_swirl
D:4:      layout_loops_ring, fedhas_ov_isle_minmay, nicolae_ru_awakened_eye,
          serial_glass, glass_columns_a, glass_columns_a, grunt_decor_clamped,
          uniq_natasha, uniq_duvessa, uniq_menkaure, uniq_ijyb

Skill      XL: |  1  2  3  4  5  6  7 |
---------------+----------------------+-----
Stealth        | 1 2 3 4 5 |  5.0
Short Blades   | 4 5 |  5.0
Dodging        | 3 |  3.0
Armour         | 1 2 |  2.3
Fighting       | |  2.0
Throwing       | |  1.7

Action                   |  1- 3 |  4- 6 |  7- 9 || total
-------------------------+-------+-------+-------++-------
Melee: Rapier            |   116 |   192 |    14 ||   322
       Punch             |     1 |     1 |     1 ||     3
       Battleaxe         |     3 |       |       ||     3
Throw: Javelin           |     1 |     8 |       ||     9
       Dart              |       |    12 |     1 ||    13
  Use: Potion            |       |     6 |     7 ||    13
 Stab: Sleeping          |     8 |     2 |       ||    10
       Distracted        |       |     1 |       ||     1
Armor: Leather armour    |    34 |    59 |     2 ||    95
       Skin              |       |    37 |       ||    37
Dodge: Dodged            |    88 |   137 |    11 ||   236

Table legend: (Time is in decaauts)
 A = Elapsed time spent in this place.
 B = Non-inter-level travel time spent in this place.
 C = Inter-level travel time spent in this place.
 D = Time resting spent in this place.
 E = Time spent auto-exploring this place.
 F = Levels seen in this place.
 G = Mean time per level.
                   A        B        C        D        E       F      G
               +--------+--------+--------+--------+--------+-----+--------+
         Total |   3951 |   3831 |    120 |      0 |   3007 |   4 |  987.8 |
       Dungeon |   3951 |   3831 |    120 |      0 |   3007 |   4 |  987.8 |
               +--------+--------+--------+--------+--------+-----+--------+

Top non-repeatable levels by time:
     D:4: 1475 daAuts
     D:1: 1011 daAuts
     D:2: 752 daAuts
     D:3: 712 daAuts
